 Dungeon Crawl Stone Soup version 0.27.1 (webtiles) character file.

Game seed: 4961103781238931086

52 ZARRMARR the Chopper (level 3, -4/34 HPs)
             Began as a Hill Orc Monk on Aug 25, 2021.
             Slain by a worm (11 damage)
             ... on level 2 of the Dungeon.
             The game lasted 00:04:04 (1948 turns).

ZARRMARR the Chopper (Hill Orc Monk)                Turns: 1948, Time: 00:04:05

Health: -4/34      AC:  3    Str: 14    XL:     3   Next: 85%
Magic:  3/3        EV: 12    Int: 10    God:
Gold:   52         SH:  0    Dex: 13    Spells: 2/2 levels left

rFire    . . .     SeeInvis +   a - +0 hand axe
rCold    . . .     Faith    .   (no shield)
rNeg     . . .     Spirit   .   b - +1 robe
rPois    .         Reflect  .   (no helmet)
rElec    .         Harm     .   (no cloak)
rCorr    .         Rampage  .   (no gloves)
Will     .....                  (no boots)
Stlth    ++........             (no amulet)
HPRegen  0.11/turn              f - ring of see invisible
MPRegen  0.08/turn              (no ring)

@: no status effects
A: no striking features
a: no special abilities


You were on level 2 of the Dungeon.
You visited 1 branch of the dungeon, and saw 2 of its levels.

You collected 52 gold pieces.

Inventory:

Hand Weapons
 a - a +0 hand axe (weapon)
Armour
 b - a +1 robe (worn)
Jewellery
 f - a ring of see invisible (left hand)
Scrolls
 c - 2 scrolls of amnesia
 d - 4 scrolls of identify {unknown}
Potions
 g - 2 potions of mutation {unknown}
 h - a potion of resistance {unknown}


   Skills:
 + Level 4.4 Fighting
 + Level 5.4 Axes
 - Level 2.4 Dodging
 - Level 1.5 Stealth


You had 2 spell levels left.
You didn't know any spells.
Your spell library contained the following spells:

 Spells                   Type           Power      Damage    Failure   Level
 Foxfire                  Conj/Fire      0%         2x1d4     36%         1
 Conjure Flame            Conj/Fire      0%         6-21      75%         3
 Inner Flame              Hex/Fire       0%         N/A       75%         3


Dungeon Overview and Level Annotations

Branches:
Dungeon (2/15)

Altars:


Message History

The bat hits you.
You completely miss the bat. The bat barely misses you. x2
You closely miss the bat. The bat barely misses you.
You miss the bat. The bat barely misses you.
The bat hits you but does no damage.
You hit the bat.
You kill the bat!
Found a scroll of amnesia.
A worm comes into view.
You see here a scroll of amnesia.
The worm closely misses you.
You hit the worm.
The worm is lightly wounded.
The worm bites you!
You barely miss the worm. The worm bites you!
You hit the worm.
The worm is moderately wounded.
You barely miss the worm.
The worm is moderately wounded.
The worm bites you but does no damage.
You hit the worm.
The worm is moderately wounded.
You hit the worm but do no damage.
The worm is moderately wounded.
The worm barely misses you.
You hit the worm but do no damage.
The worm is moderately wounded.
The worm bites you!
* * * LOW HITPOINT WARNING * * *
You hit the worm.
The worm is heavily wounded.
You hit the worm.
The worm is severely wounded.
The worm closely misses you.
You hit the worm.
The worm is almost dead.
You hit the worm but do no damage.
The worm is almost dead.
The worm bites you!
You die...

### ### #.. ..# #.# ###.# #.#
#.#.# #w###.#.#######
#@....?........
######################.#######
..............................
#######.##.###############.#.#
#.....# #.....# #.....# ##
#.....# .# #.##.##


You could see a worm.

Vanquished Creatures
  An adder (D:2)
  3 dart slugs
  3 ball pythons
  5 endoplasms (D:1)
  2 giant cockroaches (D:1)
  5 hobgoblins
  2 jackals (D:2)
  3 quokkas
  5 bats
  2 frilled lizards
  A kobold (D:1)
  3 rats
35 creatures vanquished.

Notes
Turn   | Place    | Note
-------+----------+-------------------------------------------
     0 | D:1      | ZARRMARR the Hill Orc Monk began the quest for the Orb.
     0 | D:1      | Reached XP level 1. HP: 19/19 MP: 1/1
   114 | D:1      | Reached XP level 2. HP: 26/27 MP: 2/2
   858 | D:1      | Reached XP level 3. HP: 20/33 MP: 3/3
  1055 | D:1      | Reached skill level 5 in Axes
  1948 | D:2      | Slain by a worm

Illustrated notes

Levels and vault maps discovered:
D:1:      lemuel_arrival_tunnels, layout_basic
D:2:      layout_basic, basic_altar, grunt_ministairs_5

Skill      XL: |  1  2  3 |
---------------+----------+-----
Fighting       | 4 |  4.4
Axes           | 5 |  5.4
Dodging        | |  2.4
Stealth        | |  1.5

Action                   || total
-------------------------++-------
Melee: Hand axe          ||   126
  Use: Scroll            ||     3
 Stab: Sleeping          ||     4
Armor: Robe              ||    28
Dodge: Dodged            ||    89
